cohdb
Replays
Latest Replays
All Replays
Popular Replays
Top Player Replays
Match Explorer
How It Works
Community
CoH3 Stats
Reddit
Sign in to upload your games and track your stats! →
Sign in with Steam
Match 42426783
Unlisted
Match 42426783
Overview
Messages
Build Orders
End
Construct Barracks
Scout Squad
Riflemen Squad
Riflemen Squad
M1 Mortar Team
Engineer Squad
Construct Medical Station
Mechanized Support Center
Construct Weapon Support Center
Selects Armored Battlegroup
Selects Veteran Crews
Selects Strength in Steel
Riflemen Squad
M1919 Machine Gun Team
Construct Tank Depot
Engineer Squad
M4A1 Sherman Medium Tank
Designate Forward Repair Station
Bazooka Squad
M4A1 Sherman Medium Tank
Selects M31 Recovery Vehicle
Improvised Armor
Bazooka Squad
M4A1 Sherman Medium Tank
M4A1 76mm Conversion
Microsoft Outlook
deadsadbadmad
Zonq
<|°_°|>
0
0
Comments
sign in to comment!
No comments posted yet!